 Dungeon Crawl Stone Soup version bcrawl-1.12-8-g964540c432 (webtiles) character file.

Game seed: 8353417176789272120

454 Freyura the Sneak (level 6, -4/43 HPs)
             Began as a Dusk Walker Gladiator on June 8, 2019.
             Slain by a bullfrog (7 damage)
             ... on level 4 of the Dungeon.
             The game lasted 00:10:45 (2470 turns).

Freyura the Sneak (Dusk Walker Gladiator)           Turns: 2470, Time: 00:10:45

Health: -4/43      AC:  7    Str: 14    XL:     6   Next: 76%
Magic:  6/6        EV: 14    Int:  8    God:
Gold:   339        SH:  0    Dex: 17    Spells: 5/5 levels left

rFire    . . .     SeeInvis .   a - +3 rapier
rCold    . . .     Gourm    .   (no shield)
rNeg     . . .     Faith    .   b - +0 leather armour
rPois    .         Spirit   .   c - +1 helmet
rElec    .         Reflect  .   (no cloak)
rCorr    .         Harm     .   p - +1 pair of gloves
MR       .....                  (no boots)
Stlth    +++++.....             (no amulet)
HPRegen  0.14/turn              n - ring of stealth
MPRegen  0.10/turn              (no ring)

@: no status effects
A: draining touch, unencumbered stealth, fangs 2, nightstalker 1
a: no special abilities


You were on level 4 of the Dungeon.
You were hungry.

You visited 1 branch of the dungeon, and saw 4 of its levels.

You collected 339 gold pieces.

Inventory:

Hand Weapons
 a - a +3 rapier (weapon)
Missiles
 d - 2 throwing nets (quivered) {!f}
Armour
 b - a +0 leather armour (worn)
 c - a +1 helmet (worn)
 p - a +1 pair of gloves (worn)
Jewellery
 n - a ring of stealth (left hand)
Scrolls
 i - 4 scrolls of amnesia
 j - 2 scrolls of remove curse
 k - a scroll of identify
 m - a scroll of teleportation
 q - a scroll of enchant weapon
Potions
 e - a potion of brilliance
 g - a potion of magic
 h - 2 potions of flight
 l - 3 potions of ambrosia
 o - a potion of lignification {unknown}
 r - a potion of curing {unknown}
Comestibles
 f - 7 rations {!d}


   Skills:
 + Level 3.6 Fighting
 + Level 5.2 Short Blades
 - Level 1.5 Throwing
 + Level 4.3 Dodging
 * Level 6.8 Stealth


You had 5 spell levels left.
You didn't know any spells.
Your spell library was empty.

Dungeon Overview and Level Annotations

Branches:
Dungeon (4/12)
 Temple: D:4-7

Altars:


Innate Abilities, Weirdness & Mutations

Your attacks drain your enemies.
You move stealthily even while encumbered by armour.
You have extremely sharp teeth.
You are slightly more attuned to the shadows.


Message History

The bullfrog hits you. The orc hits you but does no damage. The orc misses you.
You hit the orc priest. You drain the orc priest.
The orc priest is severely wounded.
The bullfrog hits you but does no damage.
The orc misses you.
An orc comes into view. It is wielding a +0 flail.
The orc priest calls down the wrath of Beogh upon you.
Beogh smites you!
* * * LOW HITPOINT WARNING * * *
The orc priest struggles against the net.
The orc misses you. The orc barely misses you.
The orc shouts!
You strike the helpless orc priest from behind!
You impale the orc priest!!
You kill the orc priest!
The bullfrog hits you.
* * * LOW HITPOINT WARNING * * *
The orc barely misses you. The bullfrog barely misses you.
The bullfrog hits you!
You die...

..#... #.....#..#
..#...###...###.+
......#......###..#
#............###..#
#.............##.## #
##.............##..###.
.o................###..
##..........##....###..
#....o@.....#####......
#...oFo....## ##.....
.###....o...## ##....
............... ####.....
............##..##........
..........#.# ...........
#........##..# ##.......
.#...####.# ..# #........
#......#..#..## .........#


You could see a bullfrog and 5 orcs.

Vanquished Creatures
  A phantom (D:4)
  A bullfrog (D:4)
  A hound (D:3)
  A centaur skeleton (D:2)
  An orc priest (D:4)
  Terence (D:3)
  3 worker ants
  4 adders
  3 worms
  3 dart slugs
  4 leopard geckos (D:3)
  2 orcs (D:3)
  2 bats
  5 giant cockroaches
  4 goblins (D:2)
  7 hobgoblins
  12 jackals
  2 quokkas
  3 frilled lizards
  8 kobolds
  A quokka skeleton (D:3)
  2 rats (D:1)
71 creatures vanquished.

Notes
Turn   | Place    | Note
-------+----------+-------------------------------------------
     0 | D:1      | Freyura the Dusk Walker Gladiator began the quest for the
                  | Orb.
     0 | D:1      | Reached XP level 1. HP: 14/14 MP: 1/1
   327 | D:1      | Reached skill level 1 in Stealth
   378 | D:1      | Reached XP level 2. HP: 19/19 MP: 2/2
   632 | D:2      | Reached skill level 2 in Stealth
   821 | D:2      | Reached XP level 3. HP: 25/25 MP: 3/3
  1042 | D:2      | Reached skill level 3 in Stealth
  1066 | D:2      | Gained mutation: You are slightly more attuned to the
                  | shadows. [Dusk Walker growth]
  1066 | D:2      | Reached XP level 4. HP: 19/30 MP: 4/4
  1535 | D:3      | Reached skill level 4 in Stealth
  1540 | D:3      | Reached XP level 5. HP: 35/36 MP: 5/5
  1587 | D:3      | Noticed Terence
  1603 | D:3      | Killed Terence
  1673 | D:3      | Reached skill level 5 in Stealth
  2099 | D:4      | Reached XP level 6. HP: 39/42 MP: 6/6
  2103 | D:4      | Reached skill level 5 in Short Blades
  2103 | D:4      | Reached skill level 6 in Stealth
  2470 | D:4      | Slain by a bullfrog

Skill      XL: |  1  2  3  4  5  6 |
---------------+-------------------+-----
Stealth        | 1 2 3 4 5 6 |  6.8
Short Blades   | 4 5 |  5.2
Fighting       | 3 |  3.6
Dodging        | 4 |  4.3
Throwing       | |  1.5

Action                   |  1- 3 |  4- 6 || total
-------------------------+-------+-------++-------
Melee: Rapier            |    68 |   101 ||   169
       Bite              |     3 |     6 ||     9
Throw: Throwing net      |       |     1 ||     1
  Use: Scroll            |     8 |     6 ||    14
 Stab: Sleeping          |     4 |    11 ||    15
       Held in net/web   |       |     1 ||     1
  Eat: Ration            |       |     1 ||     1
       Chunk             |       |     1 ||     1
Armor: Leather armour    |    20 |    26 ||    46
Dodge: Dodged            |    35 |    67 ||   102
